 Dungeon Crawl Stone Soup version 0.16.1-2-g95b8d4c (webtiles) character file.

81 Riddley the Shield-Bearer (level 4, 0/35 HPs)
             Began as a Human Fighter on Mar 26, 2015.
             Slain by Grinder (2 damage)
             ... while paralysed by Grinder
             ... on level 3 of the Dungeon.
             The game lasted 00:04:22 (1750 turns).

Riddley the Shield-Bearer (Human Fighter)           Turns: 1750, Time: 00:04:22

Health: 0/35       AC: 14    Str: 17    XL:     4   Next: 67%
Magic:  4/4        EV:  2    Int:  9    God:
Gold:   95         SH:  0    Dex: 12    Spells: 0 memorised, 3 levels left

rFire  + . .     SeeInvis .     a - +0 long sword
rCold  . . .     Clarity  .     f - +0 plate armour
rNeg   . . .     SustAb   .     c - +0 shield
rPois  .         Gourm    .     m - +2 helmet "Noaroast" {rF+ Slay+2}
rElec  .         Spirit   .     (no cloak)
rCorr  .         Warding  .     (no gloves)
rMut   .         Stasis   .     (no boots)
MR     .....                    (no amulet)
Stlth  ..........               (no ring)
                                (no ring)

@: paralysed, not resistant to hostile enchantments, extremely unstealthy
A: no striking features
a: no special abilities


You were on level 3 of the Dungeon.
You were not hungry.

You visited 1 branch of the dungeon, and saw 3 of its levels.

You collected 95 gold pieces.

Inventory:

Hand weapons
 a - a +0 long sword (weapon)
 n - a +0 antimagic dagger
Armour
 b - a +0 scale mail
 c - a +0 shield (worn)
 f - a +0 plate armour (worn)
 m - the +2 helmet "Noaroast" (worn) {rF+ Slay+2}
   (You took it off Robin on level 3 of the Dungeon)

   It affects your accuracy and damage with ranged weapons and melee attacks
   (+2).
   It protects you from fire.
Jewellery
 q - a cursed ring of teleportation {unknown}
Scrolls
 h - a scroll of teleportation {unknown}
 i - 2 scrolls of blinking {unknown}
 l - a scroll of magic mapping {unknown}
 p - a scroll of identify {unknown}
Potions
 e - a potion of might
 g - a potion of ambrosia {unknown}
 j - 2 potions of heal wounds {unknown}
 k - a potion of agility {unknown}
Comestibles
 d - 2 bread rations
 o - a meat ration
 r - a chunk of flesh


   Skills:
 + Level 3.4 Fighting
 * Level 2.9 Long Blades
 + Level 3.4 Armour
 + Level 3.8 Shields


You had 3 spell levels left.
You didn't know any spells.

Dungeon Overview and Level Annotations

Branches:
Dungeon (3/15)

Altars:
Ru
Yredelemnul

Annotations:
D:3 Grinder, Natasha


Message History

Grinder hits you.
You writhe in agony.
You writhe in agony.
Grinder hits you but does no damage.
You hit Grinder but do no damage.
Grinder is heavily wounded.
Grinder gestures at you.
You suddenly lose the ability to move!
Grinder says, "Mostly I couldn't keep them alive."
Grinder hits you but does no damage.
Grinder gestures.
Grinder blinks!
Grinder says, "Tell me all your secrets, or I'll kill you."
Grinder gestures at you. Pain shoots through your body!
Grinder gestures at you. Pain shoots through your body!
* * * LOW HITPOINT WARNING * * *
Grinder gestures at you. You resist with significant effort. Grinder hits you.
You die...

##......##.......##
...##...#..#####..#
#########.........#
#.........#
#..#####..# ####
#..# #..# ...# #..+
#..# ##.# #..# #..#
#.# #..# #@.# #.#
#......5..# #.#
.........# #.#
.........# ##.#
########## #..#
#.## #.# #.#


You could see Grinder.

Vanquished Creatures
  Robin (D:3)
  An adder (D:2)
  A worm (D:3)
  An ooze (D:1)
  An orc (D:3)
  5 bats
  16 goblins
  6 hobgoblins
  3 jackals (D:1)
  3 giant cockroaches
  A giant gecko (D:1)
  A giant newt (D:1)
  3 kobolds
  7 rats
50 creatures vanquished.

Notes
Turn   | Place    | Note
--------------------------------------------------------------
     0 | D:1      | Riddley, the Human Fighter, began the quest for the Orb.
     0 | D:1      | Reached XP level 1. HP: 18/18 MP: 1/1
   297 | D:1      | Reached XP level 2. HP: 22/24 MP: 2/2
   663 | D:2      | Reached XP level 3. HP: 25/29 MP: 3/3
   978 | D:2      | Found a basalt altar of Yredelemnul.
  1213 | D:3      | Noticed Robin
  1249 | D:3      | Reached XP level 4. HP: 22/35 MP: 4/4
  1266 | D:3      | Killed Robin
  1274 | D:3      | Got a spiked helmet
  1280 | D:3      | Identified the +2 helmet "Noaroast" {rF+ Slay+2} (You took it off Robin on level 3 of the Dungeon)
  1458 | D:3      | Noticed Natasha
  1671 | D:3      | Found a sacrificial altar of Ru.
  1729 | D:3      | Noticed Grinder
  1734 | D:3      | Paralysed by Grinder for 6 turns
  1745 | D:3      | Paralysed by Grinder for 7 turns
  1747 | D:3      | HP: 1/35 [Grinder/nerve-wracking pain (13)]
  1750 | D:3      | Slain by Grinder

Action                   |  1- 3 |  4- 6 || total
-------------------------+-------+-------++-------
Melee: Long sword        |   146 |    51 ||   197
  Eat: Chunk             |       |     3 ||     3
